| TOP OF THE 1ST |
|
Tulsa Drillers batting - Pitching for Wichita Aeros : RHP Michael Britt
|
|
Pitching: RHP Michael Britt
|
|
|
Batting: RHB Victor Rios
|
0-0: Ground out 5-3 (Groundball, 56, EV 79.4 MPH)
|
|
Batting: LHB Casey Parsons
|
0-0: SINGLE (Flyball, 34D, EV 86.3 MPH)
|
|
Batting: LHB Mike Pagliarulo
|
0-0: Called Strike 0-1: Ball 1-1: Swinging Strike 1-2: Ball 2-2: Strikes out swinging
|
|
Batting: LHB Jim Adduci
|
0-0: Ball 1-0: Swinging Strike 1-1: Ball 2-1: SINGLE (Groundball, 4MD, EV 100.6 MPH) Casey Parsons to second Runner from 2nd tries for 3rd, SAFE, no throw by CF
|
|
Batting: SHB Luis Quinones
|
0-0: Ball 1-0: Called Strike 1-1: Ground out 4-3 (Groundball, 4, EV 85.0 MPH)
|
| Top of the 1st over - 0 runs, 2 hits, 0 errors, 2 left on base; Tulsa 0 - Wichita 0 |
| BOTTOM OF THE 1ST |
|
Wichita Aeros batting - Pitching for Tulsa Drillers : RHP Karl Best
|
|
Pitching: RHP Karl Best
|
|
|
Batting: SHB Gary Pettis
|
0-0: Swinging Strike 0-1: Ball 1-1: Ball 2-1: DOUBLE (Groundball, 5L, EV 108.1 MPH)
|
|
Batting: LHB Jesus Ramos
|
0-0: SINGLE (Groundball, 34D, EV 102.5 MPH) (infield hit) Gary Pettis to third
|
|
Batting: LHB Michael Barnes
|
0-0: Ball 1-0: Ball Jesus Ramos steals 2nd base 2-0: Foul Ball, location: 2F 2-1: Ball 3-1: Called Strike 3-2: SINGLE (Groundball, 4S, EV 68.1 MPH) (infield hit) Gary Pettis scores Jesus Ramos to third
|
|
Batting: RHB Bill Schroeder
|
0-0: Hit by Pitch Michael Barnes to second
|
|
Batting: RHB Jesse Barfield
|
0-0: Called Strike 0-1: Ball 1-1: Ball 2-1: GRAND SLAM HOME RUN (Flyball, 78XD, EV 98.1 MPH), Distance : 417 ft
|
|
Batting: LHB Glenn Gulliver
|
0-0: Ball 1-0: Called Strike 1-1: Foul Ball, location: 2F 1-2: Foul Ball, location: 2F 1-2: Fly out, F7 (Flyball, 7, EV 85.6 MPH)
|
|
Batting: LHB Angel Matos
|
0-0: Ball 1-0: Ball 2-0: Swinging Strike 2-1: Foul Ball, location: 2F 2-2: Ball 3-2: Ground out 5-3 (Groundball, 56S, EV 64.4 MPH)
|
|
Batting: RHB Greg Cypret
|
0-0: Ball 1-0: Ball 2-0: SINGLE (Groundball, 4D, EV 103.8 MPH)
|
|
Batting: RHB Gary House
|
0-0: Ball Greg Cypret steals 2nd base 1-0: Ball 2-0: Called Strike 2-1: Foul Ball, location: 2F 2-2: Foul Ball, location: 2F 2-2: Ball 3-2: Strikes out looking
|
| Bottom of the 1st over - 5 runs, 5 hits, 0 errors, 1 left on base; Tulsa 0 - Wichita 5 |
| TOP OF THE 2ND |
|
Tulsa Drillers batting - Pitching for Wichita Aeros : RHP Michael Britt
|
|
Batting: LHB Randy Braun
|
0-0: Foul Ball, location: 2F 0-1: Ball 1-1: Ball 2-1: Called Strike 2-2: Ball 3-2: Base on Balls
|
|
Batting: RHB Michael Johnson
|
0-0: Ball 1-0: Called Strike 1-1: Foul Ball, location: 2F 1-2: Ball 2-2: Ball 3-2: Strikes out looking
|
|
Batting: RHB Steve Herz
|
0-0: Grounds into double play, 2-4-3 (Groundball, 2L, EV 74.4 MPH)
|
| Top of the 2nd over - 0 runs, 0 hits, 0 errors, 0 left on base; Tulsa 0 - Wichita 5 |
| BOTTOM OF THE 2ND |
|
Wichita Aeros batting - Pitching for Tulsa Drillers : RHP Karl Best
|
|
Batting: SHB Gary Pettis
|
0-0: Ball 1-0: Ball 2-0: Called Strike 2-1: Ground out 6-3 (Groundball, 56, EV 104.4 MPH)
|
|
Batting: LHB Jesus Ramos
|
0-0: Swinging Strike 0-1: Called Strike 0-2: Ball 1-2: Ball 2-2: Strikes out swinging
|
|
Batting: LHB Michael Barnes
|
0-0: Foul Ball, location: 2F 0-1: Foul Ball, location: 2F 0-2: Ball 1-2: Ball 2-2: Ball 3-2: Ground out 4-3 (Groundball, 4D, EV 82.5 MPH)
|
| Bottom of the 2nd over - 0 runs, 0 hits, 0 errors, 0 left on base; Tulsa 0 - Wichita 5 |
| TOP OF THE 3RD |
|
Tulsa Drillers batting - Pitching for Wichita Aeros : RHP Michael Britt
|
|
Batting: LHB Oscar Cordero
|
0-0: Ball 1-0: Ball 2-0: Ground out 4-3 (Groundball, 4, EV 79.4 MPH)
|
|
Batting: RHB Victor Rios
|
0-0: Called Strike 0-1: Ball 1-1: Called Strike 1-2: Ball 2-2: Ball 3-2: Ground out 3-1 (Groundball, 13, EV 80.6 MPH)
|
|
Batting: LHB Casey Parsons
|
0-0: Foul Ball, location: 2F 0-1: Ball 1-1: SINGLE (Groundball, 4MD, EV 103.8 MPH)
|
|
Batting: LHB Mike Pagliarulo
|
0-0: Ball 1-0: Called Strike 1-1: Ball 2-1: Foul Ball, location: 2F 2-2: Fly out, F8 (Line Drive, 8RD, EV 91.3 MPH)
|
| Top of the 3rd over - 0 runs, 1 hit, 0 errors, 1 left on base; Tulsa 0 - Wichita 5 |
| BOTTOM OF THE 3RD |
|
Wichita Aeros batting - Pitching for Tulsa Drillers : RHP Karl Best
|
|
Batting: RHB Bill Schroeder
|
0-0: Ball 1-0: Called Strike 1-1: Ball 2-1: Ball 3-1: Base on Balls
|
|
Batting: RHB Jesse Barfield
|
0-0: Foul Ball, location: 2F 0-1: Foul Ball, location: 2F 0-2: Ball 1-2: DOUBLE (Line Drive, 7LS, EV 96.9 MPH) Bill Schroeder to third Runner from 3rd tries for Home, SAFE, throw by LF to home
|
|
Pitching: RHP Andy Hawkins
|
|
|
Batting: LHB Glenn Gulliver
|
0-0: Foul Ball, location: 2F 0-1: Foul Ball, location: 2F 0-2: Ball 1-2: SINGLE (Groundball, 4D, EV 93.8 MPH) Jesse Barfield to third Runner from 3rd tries for Home, SAFE, throw by RF to home Glenn Gulliver to second
|
|
Batting: LHB Angel Matos
|
0-0: Called Strike 0-1: Called Strike 0-2: Ground out 4-3 (Groundball, 4, EV 102.5 MPH) Glenn Gulliver to third
|
|
Batting: RHB Greg Cypret
|
0-0: Ball 1-0: Swinging Strike 1-1: Ball 2-1: Ground out U3 (Groundball, 34, EV 90.6 MPH) Glenn Gulliver scores
|
|
Batting: RHB Gary House
|
0-0: Called Strike 0-1: Foul Ball, location: 2F 0-2: Ball 1-2: Reached on error, E6 (Groundball, 6, EV 101.9 MPH)
|
|
Batting: SHB Gary Pettis
|
0-0: Ball 1-0: Foul Ball, location: 2F 1-1: Ball 2-1: Ball 3-1: Foul Ball, location: 2F 3-2: Foul Ball, location: 2F 3-2: Ground out 6-3 (Groundball, 6, EV 106.3 MPH)
|
| Bottom of the 3rd over - 3 runs, 2 hits, 1 error, 1 left on base; Tulsa 0 - Wichita 8 |
| TOP OF THE 4TH |
|
Tulsa Drillers batting - Pitching for Wichita Aeros : RHP Michael Britt
|
|
Batting: LHB Jim Adduci
|
0-0: Ball 1-0: Called Strike 1-1: Fly out, F8 (Flyball, 8LXD, EV 84.4 MPH)
|
|
Batting: SHB Luis Quinones
|
0-0: Ball 1-0: Called Strike 1-1: Ground out 3-1 (Groundball, 34D, EV 87.5 MPH)
|
|
Batting: LHB Randy Braun
|
0-0: SINGLE (Line Drive, 89S, EV 108.8 MPH)
|
|
Batting: RHB Michael Johnson
|
0-0: Foul Ball, location: 2F 0-1: Fly out, F2 (Popup, 5SF, EV 90.6 MPH)
|
| Top of the 4th over - 0 runs, 1 hit, 0 errors, 1 left on base; Tulsa 0 - Wichita 8 |
| BOTTOM OF THE 4TH |
|
Wichita Aeros batting - Pitching for Tulsa Drillers : RHP Andy Hawkins
|
|
Batting: LHB Jesus Ramos
|
0-0: Ball 1-0: SINGLE (Groundball, 6MD, EV 107.5 MPH)
|
|
Batting: LHB Michael Barnes
|
0-0: Ball 1-0: Foul Ball, location: 2F 1-1: Foul Ball, location: 2F 1-2: Fly out, F9 (Line Drive, 9, EV 88.8 MPH)
|
|
Batting: RHB Bill Schroeder
|
0-0: Ball 1-0: Swinging Strike 1-1: Ball 2-1: Ground out 3-1 (Groundball, 13, EV 89.4 MPH) Jesus Ramos to second
|
|
Batting: RHB Jesse Barfield
|
0-0: Fly out, F3 (Line Drive, 3, EV 72.5 MPH)
|
| Bottom of the 4th over - 0 runs, 1 hit, 0 errors, 1 left on base; Tulsa 0 - Wichita 8 |
| TOP OF THE 5TH |
|
Tulsa Drillers batting - Pitching for Wichita Aeros : RHP Michael Britt
|
|
Batting: RHB Steve Herz
|
0-0: Called Strike 0-1: Foul Ball, location: 2F 0-2: Ball 1-2: Foul Ball, location: 2F 1-2: Ball 2-2: Ball 3-2: Foul Ball, location: 2F 3-2: Fly out, F9 (Flyball, 89S, EV 93.8 MPH)
|
|
Batting: LHB Oscar Cordero
|
0-0: Ball 1-0: Ball 2-0: Fly out, F8 (Flyball, 8LD, EV 91.9 MPH)
|
|
Batting: RHB Victor Rios
|
0-0: Ball 1-0: Ball 2-0: Swinging Strike 2-1: Foul Ball, location: 2F 2-2: Foul Ball, location: 2F 2-2: Fly out, F9 (Flyball, 9LM, EV 107.5 MPH)
|
| Top of the 5th over - 0 runs, 0 hits, 0 errors, 0 left on base; Tulsa 0 - Wichita 8 |
| BOTTOM OF THE 5TH |
|
Wichita Aeros batting - Pitching for Tulsa Drillers : RHP Andy Hawkins
|
|
Batting: LHB Glenn Gulliver
|
0-0: Ball 1-0: Ball 2-0: Ball 3-0: Called Strike 3-1: Foul Ball, location: 2F 3-2: Fly out, F7 (Line Drive, 7D, EV 91.9 MPH)
|
|
Batting: LHB Angel Matos
|
0-0: Ball 1-0: Called Strike 1-1: Swinging Strike 1-2: Strikes out swinging
|
|
Batting: RHB Greg Cypret
|
0-0: Ball 1-0: Swinging Strike 1-1: Ball 2-1: Foul Ball, location: 2F 2-2: Ground out 4-3 (Groundball, 4, EV 92.5 MPH)
|
| Bottom of the 5th over - 0 runs, 0 hits, 0 errors, 0 left on base; Tulsa 0 - Wichita 8 |
| TOP OF THE 6TH |
|
Tulsa Drillers batting - Pitching for Wichita Aeros : RHP Michael Britt
|
|
Batting: LHB Casey Parsons
|
0-0: Called Strike 0-1: SINGLE (Groundball, 6MD, EV 100.6 MPH) (infield hit)
|
|
Batting: LHB Mike Pagliarulo
|
0-0: Ball 1-0: Ball 2-0: Foul Ball, location: 2F 2-1: Foul Ball, location: 2F 2-2: Ball 3-2: Base on Balls Casey Parsons to second
|
|
Batting: LHB Jim Adduci
|
0-0: SINGLE (Line Drive, 89S, EV 93.8 MPH) Casey Parsons to third Mike Pagliarulo to second Runner from 3rd tries for Home, SAFE, throw by RF to home
|
|
Batting: SHB Luis Quinones
|
0-0: Ball 1-0: Ball 2-0: Ball 3-0: Foul Ball, location: 2F 3-1: SINGLE (Groundball, 4MD, EV 101.9 MPH) (infield hit) Mike Pagliarulo to third Jim Adduci to second
|
|
Batting: LHB Randy Braun
|
0-0: SINGLE (Groundball, 34D, EV 96.9 MPH) Mike Pagliarulo scores Jim Adduci to third Luis Quinones to second Runner from 3rd tries for Home, SAFE, throw by RF to home
|
|
Batting: RHB Michael Johnson
|
0-0: Called Strike 0-1: Ball 1-1: Called Strike Randy Braun steals 2nd base (no throw) Luis Quinones steals 3rd base 1-2: Ball 2-2: Foul Ball, location: 2F 2-2: Ground out 4-3 (Groundball, 4M, EV 85.6 MPH) Luis Quinones scores Randy Braun to third
|
|
Batting: RHB Steve Herz
|
0-0: Ball 1-0: Ball 2-0: Called Strike 2-1: Ground out 5-3 (Groundball, 56S, EV 82.5 MPH) Randy Braun scores
|
|
Batting: LHB Oscar Cordero
|
0-0: Ball 1-0: Ground out U3 (Groundball, 34S, EV 76.9 MPH)
|
| Top of the 6th over - 5 runs, 4 hits, 0 errors, 0 left on base; Tulsa 5 - Wichita 8 |
| BOTTOM OF THE 6TH |
|
Wichita Aeros batting - Pitching for Tulsa Drillers : RHP Andy Hawkins
|
|
Batting: RHB Gary House
|
0-0: Ground out 4-3 (Groundball, 4MD, EV 80.6 MPH)
|
|
Batting: SHB Gary Pettis
|
0-0: Ball 1-0: Ball 2-0: Ball 3-0: Called Strike 3-1: Fly out, F6 (Line Drive, 6, EV 73.8 MPH)
|
|
Batting: LHB Jesus Ramos
|
0-0: Ground out 5-3 (Groundball, 56, EV 96.9 MPH)
|
| Bottom of the 6th over - 0 runs, 0 hits, 0 errors, 0 left on base; Tulsa 5 - Wichita 8 |
| TOP OF THE 7TH |
|
Tulsa Drillers batting - Pitching for Wichita Aeros : RHP Michael Britt
|
|
Pitching: RHP Steve Crawford
|
|
|
Batting: RHB Victor Rios
|
0-0: Ball 1-0: Called Strike 1-1: Foul Ball, location: 2F 1-2: Ball 2-2: Foul Ball, location: 2F 2-2: Fly out, F7 (Line Drive, 7D, EV 96.3 MPH)
|
|
Batting: LHB Casey Parsons
|
0-0: Swinging Strike 0-1: Foul Ball, location: 2F 0-2: Strikes out looking
|
|
Batting: LHB Mike Pagliarulo
|
0-0: Called Strike 0-1: Ball 1-1: Foul Ball, location: 2F 1-2: Strikes out looking
|
| Top of the 7th over - 0 runs, 0 hits, 0 errors, 0 left on base; Tulsa 5 - Wichita 8 |
| BOTTOM OF THE 7TH |
|
Wichita Aeros batting - Pitching for Tulsa Drillers : RHP Andy Hawkins
|
|
Batting: LHB Michael Barnes
|
0-0: Ball 1-0: Ball 2-0: Ball 3-0: Called Strike 3-1: Base on Balls
|
|
Batting: RHB Bill Schroeder
|
0-0: Called Strike 0-1: Called Strike 0-2: Fielders Choice at 2nd, 5-4 (Groundball, 5S, EV 91.3 MPH)
|
|
Batting: RHB Jesse Barfield
|
0-0: Fly out, F8 (Flyball, 8LM, EV 93.1 MPH)
|
|
Batting: LHB Glenn Gulliver
|
0-0: Ball 1-0: Called Strike 1-1: Ball 2-1: Ball 3-1: Ground out 5-3 (Groundball, 56, EV 106.3 MPH)
|
| Bottom of the 7th over - 0 runs, 0 hits, 0 errors, 1 left on base; Tulsa 5 - Wichita 8 |
| TOP OF THE 8TH |
|
Tulsa Drillers batting - Pitching for Wichita Aeros : RHP Steve Crawford
|
|
Now at 2B: Victor Mabee
|
|
|
Batting: LHB Jim Adduci
|
0-0: Called Strike 0-1: Ball 1-1: Foul Ball, location: 2F 1-2: Fly out, F2 (Popup, 5SF, EV 79.4 MPH)
|
|
Batting: SHB Luis Quinones
|
0-0: Ball 1-0: Ground out 5-3 (Groundball, 56, EV 100.0 MPH)
|
|
Batting: LHB Randy Braun
|
0-0: Fly out, F9 (Flyball, 9LS, EV 73.8 MPH)
|
| Top of the 8th over - 0 runs, 0 hits, 0 errors, 0 left on base; Tulsa 5 - Wichita 8 |
| BOTTOM OF THE 8TH |
|
Wichita Aeros batting - Pitching for Tulsa Drillers : RHP Andy Hawkins
|
|
Batting: LHB Angel Matos
|
0-0: Foul Ball, location: 2F 0-1: Ball 1-1: Ground out 4-3 (Groundball, 4, EV 86.9 MPH)
|
|
Batting: RHB Greg Cypret
|
0-0: Ball 1-0: Called Strike 1-1: Swinging Strike 1-2: Foul Ball, location: 2F 1-2: Strikes out swinging
|
|
Batting: RHB Gary House
|
0-0: Swinging Strike 0-1: Fly out, F6 (Flyball, 56D, EV 91.9 MPH)
|
| Bottom of the 8th over - 0 runs, 0 hits, 0 errors, 0 left on base; Tulsa 5 - Wichita 8 |
| TOP OF THE 9TH |
|
Tulsa Drillers batting - Pitching for Wichita Aeros : RHP Steve Crawford
|
|
Pitching: RHP Joey McLaughlin
|
|
|
Batting: RHB Michael Johnson
|
0-0: Ground out 4-3 (Groundball, 4MD, EV 92.5 MPH)
|
|
Batting: RHB Steve Herz
|
0-0: Ball 1-0: Ball 2-0: Ball 3-0: Base on Balls
|
|
Batting: LHB Oscar Cordero
|
0-0: Called Strike 0-1: Ball 1-1: Fly out, F7 (Flyball, 7LM, EV 81.3 MPH)
|
|
Batting: RHB Victor Rios
|
0-0: Ball 1-0: Called Strike 1-1: Ball 2-1: Ball 3-1: Called Strike 3-2: Foul Ball, location: 2F 3-2: Foul Ball, location: 2F 3-2: Ground out 6-3 (Groundball, 56, EV 87.5 MPH)
|
| Top of the 9th over - 0 runs, 0 hits, 0 errors, 1 left on base; Tulsa 5 - Wichita 8 |
|